 Dungeon Crawl Stone Soup version 0.27.0-1-g7a089689b8 (webtiles) character file.

Game seed: 5261458985851531761

119 gimp the Ducker (level 4, 0/39 HPs)
             Began as a Troll Fire Elementalist on Aug 9, 2021.
             Slain by Blork the orc (13 damage)
             ... on level 3 of the Dungeon.
             The game lasted 00:03:01 (1393 turns).

gimp the Ducker (Troll Fire Elementalist)           Turns: 1393, Time: 00:03:02

Health: 0/39       AC:  4    Str: 16    XL:     4   Next: 73%
Magic:  0/4        EV: 10    Int: 11    God:
Gold:   111        SH:  0    Dex: 11    Spells: 4/5 levels left

rFire    . . .     SeeInvis .     - Unarmed
rCold    . . .     Faith    .   (no shield)
rNeg     . . .     Spirit   +   h - +0 robe
rPois    .         Reflect  .   (helmet restricted)
rElec    .         Harm     .   (no cloak)
rCorr    .         Rampage  .   (gloves unavailable)
Will     .....                  (boots unavailable)
Stlth    +.........             e - amulet of guardian spirit
HPRegen  1.13/turn              (no ring)
MPRegen  0.09/turn              (no ring)

@: brilliant
A: large, unfitting armour, claws 3, regeneration 1, shaggy fur 1, tough skin 1
a: no special abilities


You were on level 3 of the Dungeon.
You visited 1 branch of the dungeon, and saw 4 of its levels.

You collected 111 gold pieces.

Inventory:

Hand Weapons
 a - a +1 demon whip of pain
Armour
 h - a +0 robe (worn)
Jewellery
 e - an amulet of guardian spirit (around neck)
Scrolls
 c - a scroll of fear {unknown}
 d - a scroll of enchant weapon {unknown}
 i - a scroll of holy word {unknown}
 l - a scroll of teleportation {unknown}
 m - a scroll of silence {unknown}
 n - a scroll of amnesia {unknown}
Potions
 b - a potion of haste {unknown}
 f - a potion of brilliance
 j - a potion of curing {unknown}
 k - a potion of ambrosia {unknown}


   Skills:
 + Level 1.5 Maces & Flails
 * Level 3.5 Dodging
 - Level 1.0 Stealth
 - Level 1.2 Unarmed Combat
 - Level 1.2 Spellcasting
 - Level 0.6 Conjurations
 - Level 2.1 Fire Magic


You had 4 spell levels left.
You knew the following spells:

 Your Spells              Type           Power      Damage    Failure   Level
a - Foxfire               Conj/Fire      20%        2x1d5     19%         1

Your spell library contained the following spells:

 Spells                   Type           Power      Damage    Failure   Level
 Conjure Flame            Conj/Fire      5%         6-21      47%         3
 Inner Flame              Hex/Fire       4%         N/A       52%         3
 Sticky Flame             Conj/Fire      5%         2d3       87%         4
 Fireball                 Conj/Fire      2%         3d4       99%         5


Dungeon Overview and Level Annotations

Branches:
Dungeon (4/15)
 Temple: D:4-7

Altars:

Annotations:
D:2 Sigmund
D:3 Blork the orc


Innate Abilities, Weirdness & Mutations

You are too large for most types of armour.
You have claws for hands.
Your natural rate of healing is unusually fast.
You are covered in fur. (AC +1)
You have tough skin. (AC +1)


Message History

You are poisoned.
You take 6 damage, and have 31/39 hp.
You now have 3/4 mp.
You feel sick.
Blork the orc points at you and mumbles some strange words.
The puff of frost hits you!
You climb upwards.
You feel sick.
There is a stone staircase leading down here.
You take 10 damage, and have 21/39 hp.
MASSIVE DAMAGE!!
You now have 2/4 mp.
Press: ? - help, v - describe, . - travel
Here: Blork the orc, wielding a +0 war axe of venom and wearing a +0 robe (fast)
The floor.
Unknown command.
It was a potion of heal wounds.
You feel much better.
You feel sick. Blork the orc closely misses you.
Blork the orc gestures at you while chanting.
The puff of flame hits you!
You regained 10 hp, and now have 31/39 hp.
You feel sick.
Blork the orc points at you and mumbles some strange words.
The magic dart hits you!
You take 8 damage, and have 23/39 hp.
MASSIVE DAMAGE!!
You now have 1/4 mp.
You feel sick.
Blork the orc gestures at you while chanting.
The puff of frost hits you.
You take 1 damage, and have 22/39 hp.
You feel sick.
You are no longer poisoned.
Blork the orc points at you and mumbles some strange words.
The puff of flame hits you!
You take 10 damage, and have 12/39 hp.
MASSIVE DAMAGE!!
Blork the orc screams, "I'll crush all your ribs!
One by one!"
Blork the orc casts a spell at you. The puff of frost hits you!
* * * LOW HITPOINT WARNING * * *
You take 7 damage, and have 11/39 hp.
You now have 1/4 mp.
Really walk into that dispersal trap?
You enter a dispersal trap!
Blork the orc blinks!
You blink.
Blork the orc screams, "I'll crush all your ribs!
One by one!"
Blork the orc hits you with a +0 war axe of venom!
You die...

.#### #.......##..##.#.#.........
.# #..#......#.#.[............ .#
#.....###......#.#......(.. .#
#.....# ###.##.#.#####...## .##
####### #......# #..... ..#
#######.###### #...## #.#
#.......# ###...## #.#
#.####.§########......# #.#
#.#...@..##..)...##.#.# #.#
#....o.§......##.##.#.#
#.#########.#.........#.##.##...#
............###P###.###.........#
#.#########.#.........#.##......#
### #.#.#P#.#.#P#.##.#.#.##
#.#..P......#....#.....
#.###.###.###.#####.###
#.#...._....#....##.#


You could see Blork the orc (fast).

Vanquished Creatures
  Jessica (D:2)
  4 adders
  2 worms (D:3)
  A dart slug (D:2)
  3 orcs (D:3)
  3 endoplasms
  3 giant cockroaches
  4 goblins
  5 hobgoblins
  2 jackals (D:3)
  5 kobolds
  4 quokkas
  A ball python (D:1)
  A bat (D:3)
  A frilled lizard (D:3)
  3 rats
43 creatures vanquished.

Vanquished Creatures (others)
  2 fungi (D:3)
  5 plants (D:3)
7 creatures vanquished.

Grand Total: 50 creatures vanquished

Notes
Turn   | Place    | Note
-------+----------+-------------------------------------------
     0 | D:1      | gimp the Troll Fire Elementalist began the quest for the
                  | Orb.
     0 | D:1      | Reached XP level 1. HP: 16/16 MP: 1/1
   197 | D:1      | Reached skill level 2 in Dodging
   202 | D:1      | Reached XP level 2. HP: 24/24 MP: 2/2
   512 | D:1      | Reached skill level 1 in Unarmed Combat
   565 | D:2      | Noticed Jessica
   578 | D:2      | Killed Jessica
   579 | D:2      | Reached XP level 3. HP: 25/31 MP: 1/3
   640 | D:2      | Reached skill level 1 in Maces & Flails
   640 | D:2      | Reached skill level 3 in Dodging
   646 | D:2      | Reached XP level 4. HP: 39/39 MP: 4/4
   665 | D:2      | Noticed Sigmund
  1184 | D:3      | Found a faded altar of an unknown god.
  1374 | D:4      | Noticed Blork the orc
  1393 | D:3      | Slain by Blork the orc

Illustrated notes

Levels and vault maps discovered:
D:1:      dpeg_arrival_connections, layout_basic
D:2:      layout_rooms, uniq_sigmund, uniq_jessica
D:3:      layout_loops_cross, shapermc_ecumenical_altar_mp_urbaneastern,
          st_stairs_6, dk_noncrumbling_4, kennysheep_path_1
D:4:      layout_rooms, uniq_blork_the_orc

Skill      XL: |  1  2  3 |
---------------+----------+-----
Dodging        | 2 3 |  3.5
Unarmed Combat | 1 |  1.2
Maces & Flails | 1 |  1.5
Stealth        | |  1.0
Spellcasting   | |  1.2
Conjurations   | |  0.6
Fire Magic     | |  2.1

Action                   |  1- 3 |  4- 6 || total
-------------------------+-------+-------++-------
Melee: Unarmed           |    66 |    82 ||   148
       Punch             |       |     1 ||     1
  Use: Potion            |       |     2 ||     2
 Stab: Sleeping          |     1 |     3 ||     4
Armor: Robe              |    21 |    27 ||    48
Dodge: Dodged            |    31 |    35 ||    66
